 Dungeon Crawl Stone Soup version 0.30-a0-371-gad7725a93e (webtiles) character file.

Game seed: 1660030868403632377

4205 FalseProphet the Destroyer (level 10, -1/64 HPs)
             Began as a Gargoyle Conjurer on Nov 22, 2022.
             Was a Priest of Sif Muna.
             Killed from afar by a steam dragon (24 damage)
             ... with a ball of steam
             ... on level 8 of the Dungeon.
             The game lasted 00:20:29 (7929 turns).

FalseProphet the Destroyer (Gargoyle Conjurer)      Turns: 7929, Time: 00:20:30

Health: -1/64      AC: 20    Str: 12    XL:     10   Next: 29%
Magic:  1/21       EV: 14    Int: 22    God:    Sif Muna [***...]
Gold:   363        SH:  0    Dex: 14    Spells: 13/24 levels left

rFire   . . .      SeeInvis .    e - +7 Throatcutter {drain, coup de grace}
rCold   . . .      Faith    .    (no shield)
rNeg    + . .      Spirit   .    a - +0 robe
rPois   ∞          Reflect  .    H - +2 helmet
rElec   +          Harm     .    y - +2 cloak
rCorr   .          Rampage  .    z - +0 pair of gloves
Will    .....                    (no boots)
Stlth   +++.......               r - amulet of magic regeneration
HPRegen 0.30/turn                B - +6 ring of dexterity
MPRegen 0.57/turn                v - +4 ring of protection

@: no status effects
A: sickness immunity, AC +7, negative energy resistance 1, electricity
resistance, torment resistance 1, petrification resistance
a: Renounce Religion, Channel Magic, Forget Spell


You were on level 8 of the Dungeon.
You worshipped Sif Muna.
Sif Muna was most pleased with you.
You visited 2 branches of the dungeon, and saw 9 of its levels.
You also visited: Sewer.

You collected 405 gold pieces.
You spent 42 gold pieces at shops.

Inventory:

Hand Weapons
 e - the +7 Throatcutter (weapon) {drain, coup de grace}
   (You took it off Terence on level 2 of the Dungeon)

   A truly terrible weapon, it drains the life of any living foe it strikes.
   It may instantly kill foes which have little health.
 f - a +0 dagger of protection
Missiles
 c - 3 boomerangs of dispersal
 o - a throwing net
Armour
 a - a +0 robe (worn)
 y - a +2 cloak (worn)
 z - a +0 pair of gloves (worn)
 H - a +2 helmet (worn)
Magical Staves
 p - a staff of earth
Jewellery
 g - a ring of flight
 q - an amulet of the acrobat
 r - an amulet of magic regeneration (around neck)
 u - a ring of fire
 v - a +4 ring of protection (right hand)
 B - a +6 ring of dexterity (left hand)
Wands
 F - a wand of polymorph (5)
 G - a wand of digging (6)
Scrolls
 d - 2 scrolls of amnesia
 k - a scroll of magic mapping
 l - 4 scrolls of teleportation
 s - a scroll of poison
 w - a scroll of silence
 C - a scroll of summoning
Potions
 b - a potion of magic
 i - a potion of cancellation {unknown}
 j - a potion of curing
 t - a potion of flight {unknown}
 x - a potion of mutation {unknown}
 A - a potion of lignification {unknown}
 D - a potion of brilliance {unknown}


   Skills:
 + Level 7.8 Fighting
 + Level 0.7(4.4) Short Blades
 + Level 7.0(7.1) Long Blades
 + Level 6.2 Dodging
 + Level 6.4 Stealth
 * Level 7.9 Spellcasting
 + Level 8.3 Conjurations
 - Level 0.5 Translocations


You had 13 spell levels left.
You knew the following spells:

 Your Spells              Type           Power      Damage    Failure   Level
a - Magic Dart            Conj           100%       1d8       1%          1
b - Searing Ray           Conj           90%        2d7       1%          2
c - Iskenderun's Mystic   Conj/Tloc      28%        2d7       12%         4
d - Fulminant Prism       Conj/Hex       13%        3d8       14%         4

Your spell library contained the following spells:

 Spells                   Type           Power      Damage    Failure   Level
 Dazzling Flash           Conj/Hex       54%        N/A       4%          3
 Apportation              Tloc           22%        N/A       6%          1
 Sticky Flame             Conj/Fire      27%        2d5       14%         4
 Gell's Gravitas          Tloc           11%        N/A       19%         3
 Teleport Other           Tloc           11%        N/A       19%         3
 Ignite Poison            Fire/Tmut/Pois 8%         N/A       22%         3
 Alistair's Intoxication  Tmut/Pois      5%         N/A       91%         5
 Dispersal                Tloc           5%         N/A       100%        6
 Ignition                 Fire           4%         3d4       100%        8


Dungeon Overview and Level Annotations

Branches:
Dungeon (8/15)             Temple (1/1) D:4           Sewer (visited)
   Lair: D:8-11

Altars:
Cheibriados
Dithmenos
Elyvilon
Fedhas
Gozag
Hepliaklqana
Kikubaaqudgha
Makhleb
Okawaru
Qazlal
Ru
Sif Muna
Trog
Vehumet
Wu Jian
Xom
Yredelemnul
Zin
The Shining One

Shops:
D:5 ?:

Annotations:
D:6 3 runed translucent doors, McGhostyFace's ghost, novice GnWn; qeuew's ghost, novice DsFi; sirJeffrey23's ghost, novice FoFi
D:8 Maurice


Innate Abilities, Weirdness & Mutations

You are immune to sickness and miasma.
Your stone body is resilient. (AC +7)
You are immune to poison.
You resist negative energy. (rN+)
You are resistant to electric shocks. (rElec)
You are resistant to unholy torment.
You are immune to petrification.


Message History

The ball of steam hits something!
You hit something but do no damage.
You are engulfed in a cloud of scalding steam.
Something hits you but does no damage.
You feel better.
You are engulfed in a cloud of scalding steam.
Something hits you.
* * * LOW HITPOINT WARNING * * *
You feel better.
You are engulfed in a cloud of scalding steam.
You hear some strange, mumbled words.
A bolt of fire appears from out of thin air!
The bolt of fire misses you.
The bolt of fire misses the steam dragon.
Casting: Iskenderun's Mystic Blast (dangerous; 12% risk of failure)
Confirm with . or Enter, or press ? or * to list all spells.
You erupt in a blast of force!
The mystic blast hits something.
You break out of your daze!
Sif Muna accepts your kill.
Reactivating autopickup.
You feel a bit more experienced.
The mystic blast hits the steam dragon.
The steam dragon is lightly wounded.
The steam dragon is knocked back by the mystic blast.
Casting: Iskenderun's Mystic Blast (dangerous; 12% risk of failure)
Confirm with . or Enter, or press ? or * to list all spells.
Aiming: Searing Ray (safe; 1% risk of failure)
Press: ? - help, Shift-Dir - straight line, f - steam dragon
Aim: a steam dragon (lightly wounded, 82% to hit)
The searing ray hits the steam dragon.
The steam dragon is moderately wounded. (Press . to maintain the ray.)
The steam dragon bites you but does no damage.
The steam dragon claws you.
The searing ray hits the steam dragon.
The steam dragon is heavily wounded.
The steam dragon closely misses you. The steam dragon completely misses you.
Without enough magic to sustain it, your searing ray dissipates.
The steam dragon breathes steam at you. The ball of steam hits you!!
You die...

,,,*,,*,,,,*,,** *,*,*,*,*
,*,,,,*,,,,*,,,### *,#,8,*,*
,*,,,,,,,,,,,,,..# *.#,*,*,*
,**,*,,,,,,*,**#.###.#,*,8,*
,,,,*,*,,,,*,*
#.....*,*,*,####
*,,**,**,,**,*
#.$..,*,8,*,#..#
*,,,,,*,,#*,,*
#..#***,*,*,##.#
,**,,,,,##..####..#
**#+#**#.#
,,,**,**#..))).D@)#
*..#*,#.#
,**,*,,,##..#####.#
##..#*,#.# *,,**,*,,#*,,*
#.####..##*,#.#
*,,*,,**,,**,*
#.##.....#*,#.##
,,**,,,*,,,*,*
#.##.....##.#..##
,,*,,,,**,,*,*
#...........#....
,,*,,*,,*,,,,*
####.....####.#..
,,**,,,,*,,*,* #.....# #.#..
,,,*,,,**,,*,*
###.######.#..


You could see a steam dragon (catching breath).

Vanquished Creatures
  A two-headed ogre (D:8)
  Maggie (D:8)
  A kobold demonologist (D:6)
  Eustachio (D:5)
  A wyvern (D:7)
  A steam dragon (D:6)
  2 water moccasins
  A sky beast (D:7)
  A black bear (D:6)
  2 ogres
  2 centaurs (D:8)
  11 kobold brigands
  2 scorpions
  A bullfrog (D:6)
  3 wights (D:6)
  An electric eel (D:8)
  2 jellies (D:6)
  An orc priest (D:4)
  4 hounds
  2 iguanas
  2 orc wizards
  Terence (D:2)
  The ghost of osoart the Slasher, a weakling DsGl (D:3)
  11 gnolls
  8 adders
  3 river rats
  2 white imps
  An ufetubus (D:7)
  4 worms
  A dart slug (D:1)
  19 orcs
  11 endoplasms
  5 giant cockroaches
  11 goblins
  5 hobgoblins
  4 jackals
  3 quokkas
  12 ball pythons
  8 bats
  4 frilled lizards
  30 kobolds
  16 rats
203 creatures vanquished.

Vanquished Creatures (others)
  An orc (D:6)
  A kobold (D:4)
  3 fulminant prisms
  4 withered plants (D:6)
9 creatures vanquished.

Grand Total: 212 creatures vanquished

Notes
Turn   | Place    | Note
-------+----------+-------------------------------------------
     0 | D:1      | FalseProphet the Gargoyle Conjurer began the quest for the
                  | Orb.
     0 | D:1      | Reached XP level 1. HP: 10/10 MP: 3/3
   223 | D:1      | Reached XP level 2. HP: 7/15 MP: 0/5
   600 | D:1      | Learned a level 2 spell: Searing Ray
   701 | D:1      | Reached XP level 3. HP: 20/20 MP: 0/6
   933 | D:1      | Reached skill level 5 in Conjurations
  1388 | D:2      | Noticed Terence
  1398 | D:2      | Killed Terence
  1399 | D:2      | Reached skill level 1 in Fighting
  1399 | D:2      | Reached XP level 4. HP: 17/25 MP: 0/8
  1894 | D:2      | Reached skill level 5 in Fighting
  1894 | D:2      | Reached skill level 5 in Spellcasting
  1894 | D:2      | Reached skill level 6 in Conjurations
  1894 | D:2      | Reached XP level 5. HP: 36/36 MP: 8/12
  1895 | D:2      | Reached skill level 5 in Long Blades
  1895 | D:2      | Reached skill level 5 in Dodging
  1895 | D:2      | Reached skill level 5 in Stealth
  1895 | D:2      | Reached skill level 7 in Conjurations
  1895 | D:2      | Reached XP level 6. HP: 44/44 MP: 8/15
  2547 | D:3      | Found a transporter.
  2666 | D:3      | Found a transporter.
  2668 | D:3      | Noticed osoart's ghost (weakling DsGl)
  3067 | D:3      | Killed osoart's ghost
  3240 | D:4      | Found a staircase to the Ecumenical Temple.
  3724 | D:4      | Found a glowing golden altar of the Shining One.
  3727 | D:4      | Noticed an angel
  3739 | D:4      | Reached XP level 7. HP: 48/48 MP: 8/16
  4028 | Temple   | Entered the Ecumenical Temple
  4067 | Temple   | Became a worshipper of Sif Muna the Loreminder
  4547 | D:4      | Found a basalt altar of Yredelemnul.
  4549 | D:4      | Noticed a profane servitor
  4618 | D:5      | Entered Level 5 of the Dungeon
  4674 | D:5      | Noticed Eustachio
  4682 | D:5      | Killed Eustachio
  4685 | D:5      | Found Haklawn's Magic Scroll Boutique.
  4718 | D:5      | Bought a scroll of teleportation for 42 gold pieces
  4849 | D:5      | Found a shadowy altar of Dithmenos.
  4857 | D:5      | Reached XP level 8. HP: 53/53 MP: 15/18
  4979 | D:5      | Found Hixayco's Tremendous Tomes.
  5233 | D:6      | Found a shimmering altar of Xom.
  5235 | D:6      | Found a sacrificial altar of Ru.
  5323 | D:6      | Found an ornate altar of the Wu Jian Council.
  5465 | D:6      | Found a runed translucent gate.
  5466 | D:6      | Found a runed translucent gate.
  5471 | D:6      | Found a runed translucent gate.
  5471 | D:6      | Noticed sirJeffrey23's ghost (novice FoFi)
  5471 | D:6      | Noticed qeuew's ghost (novice DsFi)
  5472 | D:6      | Noticed McGhostyFace's ghost (novice GnWn)
  5598 | D:6      | Reached * piety under Sif Muna
  5610 | D:6      | Found a glowing drain.
  5633 | Sewer    | Entered a sewer
  5945 | Sewer    | Reached XP level 9. HP: 57/57 MP: 19/19
  5961 | Sewer    | Learned a level 4 spell: Iskenderun's Mystic Blast
  5966 | Sewer    | Learned a level 4 spell: Fulminant Prism
  6236 | Sewer    | Reached ** piety under Sif Muna
  6627 | D:6      | Found a radiant altar of Vehumet.
  6814 | D:7      | Noticed a kobold demonologist
  6821 | D:6      | Reached skill level 8 in Conjurations
  6865 | D:7      | Noticed an ice devil
  6874 | D:6      | Killed a kobold demonologist
  7206 | D:7      | Found a hazy altar of Hepliaklqana.
  7675 | D:8      | Noticed Maurice
  7677 | D:8      | Reached *** piety under Sif Muna
  7682 | D:8      | Reached XP level 10. HP: 60/64 MP: 19/21
  7811 | D:8      | Found a blossoming altar of Fedhas.
  7811 | D:8      | Found an ancient bone altar of Kikubaaqudgha.
  7895 | D:8      | Noticed a two-headed ogre
  7895 | D:8      | Noticed Maggie
  7906 | D:8      | Killed a two-headed ogre
  7926 | D:8      | Killed Maggie
  7929 | D:8      | Killed from afar by a steam dragon

Illustrated notes

Levels and vault maps discovered:
D:1:      dpeg_arrival_lava_temple_mockup, layout_loops_ring,
          minmay_tetromino_s2
D:2:      layout_basic, minivault_19, minmay_misc_feat_pillars, uniq_terence
D:3:      layout_basic, gammafunk_ghost_arena, roderic_roman_lattice,
          minmay_goblin_outpost
D:4:      layout_cave_pods, grunt_temple_overflow_holy_war,
          minmay_temple_entry_sparse_star, serial_park, serial_park_paths
          [serial_park_minivault_5x5_4], serial_park_tiny_2, serial_park_tiny_1
D:5:      layout_basic, old_standard_altar, serial_shops, nicolae_shop_crystal,
          nicolae_shop_i_like_big_books, uniq_eustachio
D:6:      layout_gridville, gammafunk_temple_overflow_forgotten,
          mainiacjoe_overflow_cross_hatched, gammafunk_ghost_cemetery,
          portal_sewer_entry_e
D:7:      layout_gridville, amcnicky_altar_gilded
D:8:      minmay_the_grid_octo_2x2 [minmay_the_grid_octo_checkered,
          minmay_the_grid_octo_odd_swirl, minmay_the_grid_octo_tetromino_candy,
          minmay_the_grid_octo_prize_single_spiral], layout_loops_ring,
          grunt_temple_overflow_growth_and_decay, enter_bailey_8, serial_bayou,
          serial_bayou_shore_b, serial_bayou_lagoon_a, serial_bayou_pond_e,
          serial_bayou_shore_b, wad_floor_pattern_untrapped, uniq_maurice,
          uniq_maggie
Temple:   nicolae_temple_ecumenical_triangle

Skill      XL: |  1  2  3  4  5  6  7  8  9 10 |
---------------+-------------------------------+-----
Conjurations   | 5 6 7 8 |  8.3
Fighting       | 1 5 7 |  7.8
Long Blades    | 4 5 6 7 |  7.0
Dodging        | 4 5 6 |  6.2
Stealth        | 4 5 6 |  6.4
Spellcasting   | 5 6 7 |  7.9
Short Blades   | |  0.7
Translocations | |  0.5

Action                   |  1- 3 |  4- 6 |  7- 9 | 10-12 || total
-------------------------+-------+-------+-------+-------++-------
Melee: Dagger            |    67 |       |       |       ||    67
       Unarmed           |     1 |       |       |       ||     1
       Long sword        |       |    45 |   162 |    20 ||   227
       Punch             |       |       |     1 |       ||     1
 Cast: Magic Dart        |    40 |    43 |   132 |       ||   215
       Searing Ray       |     1 |       |    15 |     6 ||    22
       Iskenderun's Myst |       |       |     9 |     5 ||    14
       Fulminant Prism   |       |       |     3 |       ||     3
  Use: Scroll            |     2 |    12 |     5 |     1 ||    20
       Potion            |     2 |     3 |       |     4 ||     9
 Stab: Sleeping          |     1 |     6 |     4 |       ||    11
Armor: Robe              |    31 |    17 |    71 |    27 ||   146
Dodge: Dodged            |    50 |    44 |   133 |    24 ||   251

Table legend: (Time is in decaauts)
 A = Elapsed time spent in this place.
 B = Non-inter-level travel time spent in this place.
 C = Inter-level travel time spent in this place.
 D = Time resting spent in this place.
 E = Time spent auto-exploring this place.
 F = Levels seen in this place.
 G = Mean time per level.
                   A        B        C        D        E       F      G
               +--------+--------+--------+--------+--------+-----+--------+
         Total |   8118 |   7951 |    167 |    417 |   5998 |  10 |  811.8 |
       Dungeon |   7240 |   7073 |    167 |    417 |   5407 |   8 |  905.0 |
        Temple |     46 |     46 |      0 |      0 |     12 |   1 |   46.0 |
         Sewer |    831 |    831 |      0 |      0 |    578 |   1 |  831.0 |
               +--------+--------+--------+--------+--------+-----+--------+

Top non-repeatable levels by time:
     D:4: 1346 daAuts
     D:1: 1324 daAuts
     D:6: 1010 daAuts
     D:2: 1003 daAuts
     D:3: 899 daAuts
   Sewer: 831 daAuts
     D:7: 759 daAuts
     D:5: 614 daAuts
     D:8: 283 daAuts
  Temple: 46 daAuts
